 Dungeon Crawl Stone Soup version 0.27-a0-1248-g57ac2eb73c (webtiles) character file.

Game seed: 9436815869878633648

450 DasRunzen the Ducker (level 6, -1/51 HPs)
             Began as a Demigod Gladiator on June 9, 2021.
             Killed by divine providence
             ... invoked by an orc priest
              (12 damage)
             ... on level 5 of the Dungeon on June 10, 2021.
             The game lasted 00:11:45 (4241 turns).

DasRunzen the Ducker (Demigod Gladiator)            Turns: 4241, Time: 00:11:47

Health: -1/51      AC:  6    Str: 18 (19) XL:     6   Next: 45%
Magic:  12/12      EV: 14    Int: 14      God:
Gold:   156        SH:  0    Dex: 25      Spells: 9/9 levels left

rFire    + . .     SeeInvis .   a - +1 long sword (freeze)
rCold    x . .     Faith    .   (no shield)
rNeg     . . .     Spirit   .   b - +0 leather armour
rPois    .         Reflect  .   c - +0 helmet
rElec    +         Harm     .   h - +0 cloak
rCorr    +         Rampage  .   (no gloves)
Will     .....                  q - +0 pair of boots
Stlth    ++........             (no amulet)
HPRegen  0.17/turn              o - +6 ring of dexterity
MPRegen  0.13/turn              m - ring of Ascent {Fire rElec rCorr Dex+4}

@: no status effects
A: high mp 1, forlorn
a: no special abilities


You were on level 5 of the Dungeon.
You visited 1 branch of the dungeon, and saw 5 of its levels.

You collected 156 gold pieces.

Inventory:

Hand Weapons
 a - a +1 long sword of freezing (weapon)
Missiles
 d - 3 throwing nets (quivered)
 f - 6 poisoned darts
 l - 3 silver javelins
Armour
 b - a +0 leather armour (worn)
 c - a +0 helmet (worn)
 h - a +0 cloak (worn)
 p - a scarf of shadows
 q - a +0 pair of boots (worn)
Jewellery
 g - a +6 ring of intelligence
 m - the ring of Ascent (right hand) {Fire rElec rCorr Dex+4}
   (You acquired it on level 3 of the Dungeon)

   [ring of fire]

   It enhances your fire magic.
   It affects your dexterity (+4).
   It protects you from fire.
   It makes you vulnerable to cold.
   It insulates you from electricity.
   It protects you from acid and corrosion.
 n - a ring of protection from cold
 o - a +6 ring of dexterity (left hand)
 u - the ring of Pigy {Fly rC+ rN++ rCorr Slay-2}
   (You found it on level 4 of the Dungeon)

   [ring of protection from cold]

   It affects your accuracy and damage with ranged weapons and melee attacks
   (-2).
   It protects you from cold.
   It greatly protects you from negative energy.
   It grants you flight.
   It protects you from acid and corrosion.
Wands
 e - a wand of acid (9)
 v - a wand of charming (13)
Scrolls
 k - a scroll of amnesia
Potions
 i - 3 potions of curing
 j - a potion of ambrosia
 r - a potion of heal wounds {unknown}


   Skills:
 + Level 3.3 Fighting
 + Level 3.9 Long Blades
 - Level 1.7 Throwing
 + Level 2.5 Armour
 + Level 3.9 Dodging
 + Level 2.3 Spellcasting


You had 9 spell levels left.
You didn't know any spells.
Your spell library contained the following spells:

 Spells                   Type           Power      Damage    Failure   Level
 Beastly Appendage        Tmut           2%         N/A       26%         1
 Wereblood                Tmut           1%         N/A       38%         2
 Spider Form              Tmut/Pois      0%         N/A       63%         3
 Ice Form                 Ice/Tmut       1%         N/A       95%         4


Dungeon Overview and Level Annotations

Branches:
Dungeon (5/15)
 Temple: D:4-7


Innate Abilities, Weirdness & Mutations

Your attributes grow dramatically as you level up.
You have an increased reservoir of magic. (+10% MP)
You shall have no god before yourself.


Message History

You hit the adder but do no damage.
The adder is severely wounded.
The adder bites you but does no damage. The adder barely misses you.
You riposte.
You hit the adder. You freeze the adder.
You kill the adder!
You now have 156 gold pieces (gained 13).
Found a stone staircase leading down.
There is a stone staircase leading down here.
You hear the slow hiss of a very distant avalanche of sand.
Found a stone staircase leading down.
Found a stone staircase leading up.
An orc priest comes into view. It is wielding a +0 mace.
Found a triangular blue amulet. 2 orcs and an orc wizard come into view.
The orc wizard shouts!
The orc shouts!
The orc priest mumbles some strange prayers to Beogh against you.
Beogh smites you!
You see here an amulet of magic regeneration.
You closely miss the orc priest. The orc priest hits you with a +0 mace.
The orc wizard hits you but does no damage.
You barely miss the orc priest. The orc closely misses you.
The orc priest barely misses you.
You hit the orc priest. You freeze the orc priest.
The orc priest is lightly wounded.
The orc closely misses you.
The orc priest calls down the wrath of Beogh upon you.
Pain shoots through your body!
* * * LOW HITPOINT WARNING * * *
The orc wizard casts a spell.
The orc wizard flickers and vanishes!
Deactivating autopickup; reactivate with Ctrl-A.
You hit the orc priest. You freeze the orc priest.
The orc priest is heavily wounded.
You barely miss the orc priest.
The orc priest is heavily wounded.
The orc priest hits you but does no damage.
Something hits you but does no damage. The orc completely misses you.
The orc priest mumbles some strange prayers to Beogh against you.
Beogh smites you!
You die...

.# .. #. ##. ### ..
... #. #.##o# #.. #>
#.o.o# #.## #..
#."### #... ...#..
##o@.# ...
##.#..#####.#.# ##..
.<............#
.#.#####......#######
.#.†(....#.##.#
.#.#####.#..#.#
......##.##.#.#
......##......#
......##......#


You could see an orc priest and an orc.

Vanquished Creatures
  A black bear (D:3)
  2 phantoms
  An orc wizard (D:4)
  2 adders
  9 gnolls
  A worm (D:2)
  A dart slug (D:2)
  8 orcs
  3 endoplasms
  7 goblins
  8 hobgoblins
  7 kobolds
  5 quokkas
  6 ball pythons
  3 bats
  2 frilled lizards
  6 rats (D:1)
72 creatures vanquished.

Vanquished Creatures (others)
  2 plants
2 creatures vanquished.

Grand Total: 74 creatures vanquished

Notes
Turn   | Place    | Note
-------+----------+-------------------------------------------
     0 | D:1      | DasRunzen the Demigod Gladiator began the quest for the
                  | Orb.
     0 | D:1      | Reached XP level 1. HP: 17/17 MP: 3/3
   666 | D:1      | Reached XP level 2. HP: 24/24 MP: 4/4
  1304 | D:3      | Reached skill level 1 in Armour
  1304 | D:3      | Reached XP level 3. HP: 9/29 MP: 6/6
  2024 | D:3      | Reached skill level 1 in Spellcasting
  2063 | D:3      | Upgraded the game from 0.27-a0-1242-ge70438ac7b to
                  | 0.27-a0-1248-g57ac2eb73c
  2133 | D:3      | Noticed a black bear
  2151 | D:3      | Killed a black bear
  2152 | D:3      | Reached XP level 4. HP: 33/37 MP: 8/8
  2482 | D:3      | Identified a scroll of acquirement
  2482 | D:3      | Acquired the ring of Ascent {Fire rElec rCorr Dex+4}
  2605 | D:4      | Reached XP level 5. HP: 37/42 MP: 10/10
  3752 | D:4      | Identified the ring of Pigy {Fly rC+ rN++ rCorr Slay-2}
  3841 | D:4      | Reached XP level 6. HP: 31/51 MP: 12/12
  4171 | D:5      | Entered Level 5 of the Dungeon
  4241 | D:5      | Killed from afar by an orc priest

Illustrated notes

Levels and vault maps discovered:
D:1:      shiori_arrival_whats_in_store_for_you, layout_loops_ring,
          shapermc_ecumenical_altar_venn, minmay_cupped
D:2:      layout_basic
D:3:      layout_loops_cross, serial_bayou_pond_b
D:4:      corexii_shantytown, layout_loops_ring
D:5:      layout_loops_cross, nicolae_uskayaw_suspiria,
          gup_ossuary_entry_pyramid, minmay_misc_feat_nine_boxes,
          dk_rats_in_the_wall, uniq_ijyb

Skill      XL: |  1  2  3  4  5 |
---------------+----------------+-----
Fighting       | 2 3 |  3.3
Long Blades    | 3 |  3.9
Armour         | 1 2 |  2.5
Dodging        | 3 |  3.9
Spellcasting   | 1 2 |  2.3
Throwing       | |  1.7

Action                   |  1- 3 |  4- 6 || total
-------------------------+-------+-------++-------
Melee: Long sword        |    85 |   142 ||   227
Throw: Throwing net      |     1 |       ||     1
  Use: Scroll            |     3 |     5 ||     8
       Potion            |     1 |     3 ||     4
 Stab: Sleeping          |     3 |     7 ||    10
       Held in net/web   |     1 |       ||     1
Armor: Leather armour    |    29 |    37 ||    66
Dodge: Dodged            |    56 |    99 ||   155
       Rpst.: Long sword |    15 |    26 ||    41

Table legend: (Time is in decaauts)
 A = Elapsed time spent in this place.
 B = Non-inter-level travel time spent in this place.
 C = Inter-level travel time spent in this place.
 D = Time resting spent in this place.
 E = Time spent auto-exploring this place.
 F = Levels seen in this place.
 G = Mean time per level.
                   A        B        C        D        E       F      G
               +--------+--------+--------+--------+--------+-----+--------+
         Total |   4291 |   4212 |     79 |    885 |   2552 |   5 |  858.2 |
       Dungeon |   4291 |   4212 |     79 |    885 |   2552 |   5 |  858.2 |
               +--------+--------+--------+--------+--------+-----+--------+

Top non-repeatable levels by time:
     D:3: 1481 daAuts
     D:4: 1424 daAuts
     D:1: 880 daAuts
     D:2: 429 daAuts
     D:5: 75 daAuts
